Influenza vs Harfangs
(R3)
Created - May 11, 2018 at 19:00
Goals
|
| Influenza |
1 |
1 |
1 |
3 |
| Harfangs |
2 |
1 |
4 |
7 |
|
Shots
|
| Influenza |
12 |
9 |
15 |
36 |
| Harfangs |
14 |
14 |
12 |
40 |
|
1st period
1. Harfangs , Cody Eakin 2 (Nathan Beaulieu 4) at 0:42
2. Harfangs , Tomas Kubalik 5 (Cody Eakin 6, Joel Armia 3) at 11:35
3. Influenza , Beau Bennett 5 (Lane MacDermid 2, Jordan Schroeder 1) at 19:40
Penalties :
Matt Corrente (VJB) for Hooking (Minor) at 16:13
2nd period
4. Harfangs , Boone Jenner 2 (Victor Bartley 3, Nathan Beaulieu 5) at 8:04
5. Influenza , Jeremy Morin 3 (Mark Scheifele 5, Lane MacDermid 3) at 10:35 (PP)
Penalties :
Calle Jarnkrok (BEA) for Goalie Interference (Minor) at 0:42, Vojtech Polak (BEA) for Boarding (Minor) at 10:28, Matt Corrente (VJB) for High sticking (Minor) at 14:29
3rd period
6. Harfangs , Cody Eakin 3 (Tomas Kubalik 5, Vojtech Polak 4) at 2:12 (PP)
7. Harfangs , Tomas Kubalik 6 (Cody Eakin 7) at 2:28
8. Influenza , Mark Scheifele 3 (Jeremy Morin 4) at 9:00 (PP)
9. Harfangs , Brandon Saad 1 (Dennis Everberg 2, Nathan Beaulieu 6) at 15:17
10. Harfangs , Calle Jarnkrok 2 (Michal Repik 1) at 19:41 (PP)
Penalties :
Garnet Hathaway (VJB) for Tripping (Minor) at 2:05, Mark Scheifele (VJB) for Hooking (Minor) at 6:28, Reid McNeill (BEA) for Hooking (Minor) at 8:47, Paul Ladue (VJB) for Hooking (Minor) at 11:25, Johan Larsson (VJB) for Roughing (Minor) at 18:55, Cody Eakin (BEA) for Fighting (Major) at 19:52, Paul Ladue (VJB) for Fighting (Major) at 19:52, Paul Ladue (VJB) for instigated a fight (Minor) at 19:52, Paul Ladue (VJB) for instigated a fight (10 Minutes Misconduct) at 19:52
Goalie Stats
Thomas McCollum (VJB), 33 saves from 40 shots - (0.825), L, 3-2-0, 60:00 minutes
Andrew Hammond (BEA), 33 saves from 36 shots - (0.917), W, 2-2-1, 60:00 minutes
Players Stats for Influenza
Player Name G A P +/- PIM S H SB GA TA FO MP PP MP PK MP
------------------------------------------------------------------------------------
Beau Bennett 1 0 1 -2 0 4 1 0 0 0 1/1 14:19 0:54 0:00
Charlie Coyle 0 0 0 -2 0 1 1 0 0 0 2/7 13:25 0:00 0:00
Dmitry Sinitsyn 0 0 0 0 0 0 1 0 0 0 0/0 10:34 0:00 0:13
Garnet Hathaway 0 0 0 -1 2 1 2 0 2 0 0/0 10:11 0:00 0:00
Iiro Pakarinen 0 0 0 0 0 4 1 0 0 0 0/0 9:46 0:00 1:59
Jeff May 0 0 0 -3 0 2 2 3 0 1 0/0 23:35 1:29 5:57
Jeremy Morin 1 1 2 -1 0 4 2 0 1 2 0/2 21:07 1:25 2:29
Jimmy Vesey 0 0 0 -1 0 2 1 0 0 0 1/1 17:52 0:54 0:00
Joe Morrow 0 0 0 0 0 1 0 1 0 1 0/0 13:26 0:00 2:28
Johan Larsson 0 0 0 -1 2 1 0 0 0 0 1/1 10:46 0:00 0:49
Jordan Schroeder 0 1 1 0 0 1 0 0 0 0 1/2 7:52 0:00 0:04
Lane MacDermid 0 2 2 -2 0 8 0 0 0 2 0/1 20:11 1:25 5:11
Mark Olver 0 0 0 -1 0 2 3 0 0 0 8/16 16:30 0:54 5:16
Mark Scheifele 1 1 2 -1 2 1 4 1 1 1 18/35 20:49 1:25 2:04
Matt Corrente 0 0 0 -1 4 1 4 0 1 0 0/0 26:41 1:29 3:06
Nikita Gusev 0 0 0 0 0 0 0 0 0 0 0/0 7:39 0:00 0:00
Oskars Bartulis 0 0 0 -3 0 0 1 2 0 0 0/0 20:41 0:50 4:11
Paul Ladue 0 0 0 -1 19 3 2 2 1 2 0/0 25:33 0:50 1:57
Players Stats for Harfangs
Player Name G A P +/- PIM S H SB GA TA FO MP PP MP PK MP
------------------------------------------------------------------------------------
Andreas Martinsen 0 0 0 0 0 3 2 0 2 0 0/0 17:10 3:45 0:50
Boone Jenner 1 0 1 2 0 5 0 0 1 0 6/10 13:01 0:00 0:00
Brandon Saad 1 0 1 2 0 3 1 0 1 1 1/1 13:35 0:00 0:34
Calle Jarnkrok 1 0 1 0 2 1 1 0 0 0 7/7 16:22 3:45 0:00
Cody Eakin 2 2 4 2 5 5 2 1 1 0 13/37 22:06 5:04 1:29
Cristoval Nieves 0 0 0 0 0 0 0 0 0 0 2/2 7:35 0:00 0:00
Dennis Everberg 0 1 1 2 0 5 1 0 0 0 0/1 13:08 0:07 0:00
Dylan Olsen 0 0 0 0 0 0 1 0 1 1 0/0 19:34 4:00 0:59
Jake Dotchin 0 0 0 -1 0 1 0 1 0 0 0/0 12:10 0:00 0:00
Joel Armia 0 1 1 0 0 2 0 2 0 0 0/0 7:35 0:00 0:00
Jujhar Khaira 0 0 0 0 0 1 0 0 0 0 0/0 7:35 0:00 0:00
Michal Repik 0 1 1 0 0 4 1 0 0 0 1/2 16:20 3:45 0:00
Nathan Beaulieu 0 3 3 5 0 0 1 2 1 0 0/0 28:16 4:56 1:20
Nick Holden 0 0 0 0 0 2 1 0 0 1 0/0 19:34 4:00 0:59
Reid McNeill 0 0 0 -1 2 0 0 0 0 2 0/0 12:09 0:00 0:00
Tomas Kubalik 2 1 3 2 0 6 3 0 0 0 3/4 21:05 5:11 0:23
Victor Bartley 0 1 1 5 0 0 2 5 1 1 0/0 28:16 4:56 1:20
Vojtech Polak 0 1 1 2 2 2 0 1 1 0 1/2 22:05 5:11 1:22
3 Stars
1 - Tomas Kubalik (BEA)
2 - Nathan Beaulieu (BEA)
3 - Cody Eakin (BEA)
Power Play
Influenza - 2 on 4 Attempt(s) - 50.00%
Harfangs - 2 on 7 Attempt(s) - 28.57%
Penalty Kill
Influenza - 5 on 7 Attempt(s) - 71.43%
- Score 0 goal in Penalty Kill
Harfangs - 2 on 4 Attempt(s) - 50.00%
- Score 0 goal in Penalty Kill
Team Stat
Influenza - Hits : 25 - Faceoff Wins : 32 - Blocked Shots : 9 - Penalty Minutes : 29
Harfangs - Hits : 16 - Faceoff Wins : 34 - Blocked Shots : 12 - Penalty Minutes : 11
Official
Referees : Dwyer Gord and O'Rourke Dan
Linesman : Don Henderson and Ryan Galloway
Game Notes
9:00 of 3rd period - Influenza goal is going for a video replay. After video review, Goal.
15:28 of 3rd period - Penalty Shot by Vojtech Polak for Harfangs - Stopped by Thomas McCollum
Cody Eakin and Paul Ladue fight to a draw at 19:52 of 3rd period
Finance
Level 1 -- Attendance: 1694 (84.70%) -- Ticket Income $57,596
Level 2 -- Attendance: 911 (91.10%) -- Ticket Income $17,309
Total Attendance: 2605 (86.83%)
Total Ticket Income: $74,905
Other Income: $3,745
Total Income: $78,650
Influenza
5 vs 5 Forward
Center Left Wing Right Wing Time % Phy DF OF
1 Mark Scheifele Jimmy Vesey Jeremy Morin 40 1 2 2
2 Charlie Coyle Lane MacDermid Beau Bennett 30 1 2 2
3 Mark Olver Johan Larsson Garnet Hathaway 20 1 2 2
4 Jordan Schroeder Nikita Gusev Iiro Pakarinen 10 1 2 2
5 vs 5 Defense
Defense Defense Time % Phy DF OF
1 Matt Corrente Paul Ladue 40 1 2 2
2 Jeff May Oskars Bartulis 30 1 2 2
3 Joe Morrow Dmitry Sinitsyn 20 1 2 2
4 Matt Corrente Paul Ladue 10 1 2 2
PowerPlay Forward
Center Left Wing Right Wing Time % Phy DF OF
1 Mark Scheifele Lane MacDermid Jeremy Morin 60 1 2 2
2 Mark Olver Jimmy Vesey Beau Bennett 40 1 2 2
PowerPlay Defense
Defense Defense Time % Phy DF OF
1 Jeff May Matt Corrente 60 1 2 2
2 Oskars Bartulis Paul Ladue 40 1 2 2
Penalty Kill 4 Players Forward
Center Wing Time % Phy DF OF
1 Mark Olver Lane MacDermid 60 1 2 2
2 Mark Scheifele Jeremy Morin 40 1 2 2
Penalty Kill 4 Players Defense
Defense Defense Time % Phy DF OF
1 Matt Corrente Jeff May 60 1 2 2
2 Jeff May Paul Ladue 40 1 2 2
Penalty Kill - 3 Players Forward
Forward Time % Phy DF OF
1 Mark Olver 60 1 2 2
2 Mark Scheifele 40 1 2 2
Penalty Kill - 3 Players Defense
Defense Defense Time % Phy DF OF
1 Matt Corrente Jeff May 60 1 2 2
2 Oskars Bartulis Paul Ladue 40 1 2 2
4 vs 4 Forward
Center Wing Time % Phy DF OF
1 Mark Scheifele Lane MacDermid 60 1 2 2
2 Mark Olver Jeremy Morin 40 1 2 2
4 vs 4 Defense
Defense Defense Time % Phy DF OF
1 Matt Corrente Jeff May 60 1 2 2
2 Jeff May Paul Ladue 40 1 2 2
Last Minutes Offensive
Center Left Wing Right Wing Defense Defense
Mark Scheifele Lane MacDermid Jeremy Morin Jeff May Matt Corrente
Last Minutes Defensive
Center Left Wing Right Wing Defense Defense
Mark Scheifele Lane MacDermid Jeremy Morin Paul Ladue Matt Corrente
Goaltenders
Starting : Thomas McCollum
Backup : Tyson Sexsmith
Extra Forwards
Normal : Garnet Hathaway, Lane MacDermid, Iiro Pakarinen - PP : Garnet Hathaway, Lane MacDermid - PK : Iiro Pakarinen
Extra Defensemen
Normal : Matt Corrente, Oskars Bartulis, Jeff May - PP : Matt Corrente - PK : Oskars Bartulis, Jeff May
Penalty Shots
Jeremy Morin, Mark Olver, Beau Bennett, Mark Scheifele, Garnet Hathaway
Scratches
Jacob Josefson (Healthy), Jamie Devane (Healthy), Fredric Larsson (Healthy), Tim Erixon (Right Eye Injury), Tom Kuhnhackl (Healthy)
Rocco Grimaldi (Healthy), Ryan Sproul (Healthy), Josh Andrerson (Healthy), Mathieu Carle (Right Hand Injury), Jesse Graham (Healthy)
Vince Rocco (Healthy), T.J Galiardi (Fractured Right Foot Injury), Jamie Phillips (Healthy)
Harfangs
5 vs 5 Forward
Center Left Wing Right Wing Time % Phy DF OF
1 Cody Eakin Vojtech Polak Tomas Kubalik 40 1 2 2
2 Calle Jarnkrok Andreas Martinsen Michal Repik 30 1 2 2
3 Boone Jenner Brandon Saad Dennis Everberg 20 1 2 2
4 Cristoval Nieves Jujhar Khaira Joel Armia 10 1 2 2
5 vs 5 Defense
Defense Defense Time % Phy DF OF
1 Victor Bartley Nathan Beaulieu 40 1 2 2
2 Dylan Olsen Nick Holden 30 1 2 2
3 Reid McNeill Jake Dotchin 20 1 2 2
4 Victor Bartley Nathan Beaulieu 10 1 2 2
PowerPlay Forward
Center Left Wing Right Wing Time % Phy DF OF
1 Cody Eakin Vojtech Polak Tomas Kubalik 60 1 2 2
2 Calle Jarnkrok Andreas Martinsen Michal Repik 40 1 2 2
PowerPlay Defense
Defense Defense Time % Phy DF OF
1 Victor Bartley Nathan Beaulieu 60 1 2 2
2 Dylan Olsen Nick Holden 40 1 2 2
Penalty Kill 4 Players Forward
Center Wing Time % Phy DF OF
1 Cody Eakin Vojtech Polak 60 1 2 2
2 Tomas Kubalik Andreas Martinsen 40 1 2 2
Penalty Kill 4 Players Defense
Defense Defense Time % Phy DF OF
1 Victor Bartley Nathan Beaulieu 60 1 2 2
2 Dylan Olsen Nick Holden 40 1 2 2
Penalty Kill - 3 Players Forward
Forward Time % Phy DF OF
1 Cody Eakin 60 1 2 2
2 Vojtech Polak 40 1 2 2
Penalty Kill - 3 Players Defense
Defense Defense Time % Phy DF OF
1 Victor Bartley Nathan Beaulieu 60 1 2 2
2 Dylan Olsen Nick Holden 40 1 2 2
4 vs 4 Forward
Center Wing Time % Phy DF OF
1 Cody Eakin Vojtech Polak 60 1 2 2
2 Tomas Kubalik Andreas Martinsen 40 1 2 2
4 vs 4 Defense
Defense Defense Time % Phy DF OF
1 Victor Bartley Nathan Beaulieu 60 1 2 2
2 Dylan Olsen Nick Holden 40 1 2 2
Last Minutes Offensive
Center Left Wing Right Wing Defense Defense
Cody Eakin Vojtech Polak Tomas Kubalik Victor Bartley Nathan Beaulieu
Last Minutes Defensive
Center Left Wing Right Wing Defense Defense
Cody Eakin Vojtech Polak Tomas Kubalik Victor Bartley Nathan Beaulieu
Goaltenders
Starting : Andrew Hammond
Backup : Anton Forsberg
Extra Forwards
Normal : Dennis Everberg, Boone Jenner, Brandon Saad - PP : Dennis Everberg, Boone Jenner - PK : Brandon Saad
Extra Defensemen
Normal : Reid McNeill, Jake Dotchin, Dylan Olsen - PP : Reid McNeill - PK : Jake Dotchin, Dylan Olsen
Penalty Shots
Cody Eakin, Vojtech Polak, Tomas Kubalik, Andreas Martinsen, Calle Jarnkrok
Scratches
Brandon Pirri (Healthy), Colton Sissons (Healthy), Brenden Kichton (Healthy), John Macfarland (Healthy), Sebastian Wannstrom (Healthy)
Mark Alt (Healthy), Brendan Leipsic (Healthy), Alex Plante (Healthy), Angelo Esposito (Healthy), Dustin Jeffrey (Healthy)
Brian Lashoff (Facial Surgery Injury), Jason Kasdorf (Healthy), Mark Visentin (Healthy), Scott Wedgewood (Healthy)
% Time on Ice - Influenza
Lines # - Real PCT - Wanted PCT - Time Play
Normal Forward
1 - 36% - 40% - 17:30
2 - 28% - 30% - 13:38
3 - 20% - 20% - 9:58
4 - 16% - 10% - 7:39
Normal Defense
1 - 41% - 40% - 19:59
2 - 33% - 30% - 16:00
3 - 20% - 20% - 9:52
4 - 6% - 10% - 2:54
PP Forward
1 - 61% - 60% - 1:25
2 - 39% - 40% - 0:54
PP Defense
1 - 64% - 60% - 1:29
2 - 36% - 40% - 0:50
PK Forward
1 - 72% - 60% - 6:27
2 - 28% - 40% - 2:29
PK Defense
1 - 73% - 60% - 6:33
2 - 27% - 40% - 2:23
PK3 Forward
1 - 0% - 60%
2 - 0% - 40%
PK3 Defense
1 - 0% - 60%
2 - 0% - 40%
44 Forward
1 - 0% - 60%
2 - 0% - 40%
44 Defense
1 - 0% - 60%
2 - 0% - 40%
Last Minute Offensive - 0:00
Last Minute Defensive - 0:00
Total
Forward - 60:00
Defense - 60:00
|
% Time on Ice - Harfangs
Lines # - Real PCT - Wanted PCT - Time Play
Normal Forward
1 - 32% - 40% - 15:34
2 - 26% - 30% - 12:35
3 - 27% - 20% - 13:01
4 - 16% - 10% - 7:35
Normal Defense
1 - 39% - 40% - 18:58
2 - 30% - 30% - 14:35
3 - 25% - 20% - 12:10
4 - 6% - 10% - 3:02
PP Forward
1 - 58% - 60% - 5:11
2 - 42% - 40% - 3:45
PP Defense
1 - 55% - 60% - 4:56
2 - 45% - 40% - 4:00
PK Forward
1 - 83% - 60% - 1:56
2 - 17% - 40% - 0:23
PK Defense
1 - 58% - 60% - 1:20
2 - 42% - 40% - 0:59
PK3 Forward
1 - 0% - 60%
2 - 0% - 40%
PK3 Defense
1 - 0% - 60%
2 - 0% - 40%
44 Forward
1 - 0% - 60%
2 - 0% - 40%
44 Defense
1 - 0% - 60%
2 - 0% - 40%
Last Minute Offensive - 0:00
Last Minute Defensive - 0:00
Total
Forward - 60:00
Defense - 60:00
|
Play by Play
1st period
0:01 of 1st period - Mark Scheifele wins face-off versus Vojtech Polak in neutral zone.
0:15 of 1st period - Icing by Tomas Kubalik.
0:16 of 1st period - Charlie Coyle wins face-off versus Cody Eakin in Harfangs zone.
0:27 of 1st period - Charlie Coyle is hit by Tomas Kubalik and loses puck.
0:42 of 1st period - Snap shot by Cody Eakin.
0:42 of 1st period - Goal by Cody Eakin - Influenza : 0 - Harfangs : 1.
0:43 of 1st period - Calle Jarnkrok wins face-off versus Jordan Schroeder in neutral zone.
0:54 of 1st period - Nikita Gusev is hit by Dylan Olsen and loses puck.
1:09 of 1st period - Jeremy Morin is hit by Dennis Everberg and loses puck.
1:56 of 1st period - Snap shot by Cody Eakin.
1:56 of 1st period - Deflect By Vojtech Polak.
1:56 of 1st period - Stopped by Thomas McCollum with a rebound.
1:58 of 1st period - Slapshot by Victor Bartley.
1:58 of 1st period - Shot Misses the Net.
2:02 of 1st period - Snap shot by Vojtech Polak.
2:02 of 1st period - Deflect By Dmitry Sinitsyn.
2:02 of 1st period - Shot Blocked by Joe Morrow.
2:02 of 1st period - Puck is out of play.
2:03 of 1st period - Calle Jarnkrok wins face-off versus Mark Olver in Influenza zone.
2:16 of 1st period - Slapshot by Andreas Martinsen.
2:16 of 1st period - Stopped by Thomas McCollum with a rebound.
2:18 of 1st period - Slapshot by Nick Holden.
2:18 of 1st period - Stopped by Thomas McCollum with a rebound.
3:21 of 1st period - Victor Bartley is hit by Iiro Pakarinen and loses puck.
3:34 of 1st period - Jujhar Khaira is hit by Oskars Bartulis and loses puck.
3:41 of 1st period - Nick Holden is hit by Jeff May and loses puck.
4:20 of 1st period - Wrist shot by Lane MacDermid.
4:20 of 1st period - Stopped by Andrew Hammond with a rebound.
4:22 of 1st period - Snap shot by Charlie Coyle.
4:22 of 1st period - Shot Misses the Net.
4:28 of 1st period - Snap shot by Charlie Coyle.
4:28 of 1st period - Shot Misses the Net.
4:42 of 1st period - Snap shot by Michal Repik.
4:42 of 1st period - Stopped by Thomas McCollum without a rebound.
4:43 of 1st period - Calle Jarnkrok wins face-off versus Mark Scheifele in Influenza zone.
4:46 of 1st period - Wrist shot by Michal Repik.
4:46 of 1st period - Stopped by Thomas McCollum with a rebound.
4:48 of 1st period - Snap shot by Michal Repik.
4:48 of 1st period - Stopped by Thomas McCollum with a rebound.
5:27 of 1st period - Snap shot by Johan Larsson.
5:27 of 1st period - Shot Blocked by Victor Bartley.
5:37 of 1st period - Snap shot by Mark Olver.
5:37 of 1st period - Stopped by Andrew Hammond with a rebound.
5:55 of 1st period - Slapshot by Iiro Pakarinen.
5:55 of 1st period - Shot Misses the Net.
6:01 of 1st period - Wrist shot by Jordan Schroeder.
6:01 of 1st period - Stopped by Andrew Hammond with a rebound.
6:20 of 1st period - Snap shot by Andreas Martinsen.
6:20 of 1st period - Shot Misses the Net.
7:42 of 1st period - Tomas Kubalik is hit by Mark Scheifele and loses puck.
7:55 of 1st period - Calle Jarnkrok is hit by Matt Corrente and loses puck.
8:02 of 1st period - Snap shot by Beau Bennett.
8:02 of 1st period - Deflect By Lane MacDermid.
8:02 of 1st period - Stopped by Andrew Hammond with a rebound.
8:04 of 1st period - Snap shot by Charlie Coyle.
8:04 of 1st period - Stopped by Andrew Hammond without a rebound.
8:05 of 1st period - Cody Eakin wins face-off versus Mark Scheifele in Harfangs zone.
8:14 of 1st period - Slapshot by Mark Scheifele.
8:14 of 1st period - Deflect By Jeremy Morin.
8:14 of 1st period - Shot Misses the Net.
8:14 of 1st period - Puck is out of play.
8:15 of 1st period - Mark Scheifele wins face-off versus Cody Eakin in Harfangs zone.
8:28 of 1st period - Slapshot by Mark Scheifele.
8:28 of 1st period - Shot Misses the Net.
8:30 of 1st period - Snap shot by Oskars Bartulis.
8:30 of 1st period - Shot Blocked by Victor Bartley.
8:32 of 1st period - Wrist shot by Mark Scheifele.
8:32 of 1st period - Shot Blocked by Nathan Beaulieu.
8:34 of 1st period - Slapshot by Jeff May.
8:34 of 1st period - Stopped by Andrew Hammond with a rebound.
8:36 of 1st period - Slapshot by Jeff May.
8:36 of 1st period - Deflect By Mark Scheifele.
8:36 of 1st period - Shot Misses the Net.
8:36 of 1st period - Puck is out of play.
8:37 of 1st period - Calle Jarnkrok wins face-off versus Charlie Coyle in Harfangs zone.
9:02 of 1st period - Vojtech Polak is hit by Jeremy Morin and loses puck.
9:11 of 1st period - Wrist shot by Cody Eakin.
9:11 of 1st period - Shot Blocked by Mark Scheifele.
9:31 of 1st period - Matt Corrente is hit by Brandon Saad and loses puck.
9:42 of 1st period - Nick Holden is hit by Matt Corrente and loses puck.
10:03 of 1st period - Wrist shot by Lane MacDermid.
10:03 of 1st period - Stopped by Andrew Hammond with a rebound.
10:11 of 1st period - Snap shot by Lane MacDermid.
10:11 of 1st period - Shot Misses the Net.
11:35 of 1st period - Wrist shot by Tomas Kubalik.
11:35 of 1st period - Goal by Tomas Kubalik - Influenza : 0 - Harfangs : 2.
11:36 of 1st period - Cody Eakin wins face-off versus Mark Scheifele in neutral zone.
11:39 of 1st period - Snap shot by Cody Eakin.
11:39 of 1st period - Stopped by Thomas McCollum with a rebound.
12:21 of 1st period - Snap shot by Boone Jenner.
12:21 of 1st period - Stopped by Thomas McCollum with a rebound.
12:45 of 1st period - Snap shot by Jeremy Morin.
12:45 of 1st period - Stopped by Andrew Hammond without a rebound.
12:46 of 1st period - Cristoval Nieves wins face-off versus Jeremy Morin in Harfangs zone.
12:46 of 1st period - Cristoval Nieves is hit by Paul Ladue.
13:18 of 1st period - Snap shot by Lane MacDermid.
13:18 of 1st period - Stopped by Andrew Hammond with a rebound.
14:01 of 1st period - Wrist shot by Dennis Everberg.
14:01 of 1st period - Shot Misses the Net.
14:32 of 1st period - Wrist shot by Tomas Kubalik.
14:32 of 1st period - Stopped by Thomas McCollum with a rebound.
14:54 of 1st period - Wrist shot by Lane MacDermid.
14:54 of 1st period - Deflect By Beau Bennett.
14:54 of 1st period - Stopped by Andrew Hammond with a rebound.
15:33 of 1st period - Icing by Nathan Beaulieu.
15:34 of 1st period - Boone Jenner wins face-off versus Mark Scheifele in Harfangs zone.
15:43 of 1st period - Wrist shot by Jeremy Morin.
15:43 of 1st period - Stopped by Andrew Hammond with a rebound.
16:13 of 1st period - Minor Penalty to Matt Corrente for Hooking.
16:14 of 1st period - Cody Eakin wins face-off versus Mark Olver in Influenza zone.
16:16 of 1st period - Wrist shot by Cody Eakin.
16:16 of 1st period - Shot Misses the Net.
16:18 of 1st period - Snap shot by Tomas Kubalik.
16:18 of 1st period - Stopped by Thomas McCollum with a rebound.
16:20 of 1st period - Slapshot by Dylan Olsen.
16:20 of 1st period - Shot Misses the Net.
16:22 of 1st period - Backhand shot by Dylan Olsen.
16:22 of 1st period - Shot Blocked by Jeff May.
16:24 of 1st period - Slapshot by Nick Holden.
16:24 of 1st period - Stopped by Thomas McCollum with a rebound.
18:13 of 1st period - Penalty to Matt Corrente is over, Matt Corrente is back on ice.
18:15 of 1st period - Dmitry Sinitsyn is hit by Michal Repik and loses puck.
18:28 of 1st period - Snap shot by Dennis Everberg.
18:28 of 1st period - Shot Misses the Net.
18:30 of 1st period - Wrist shot by Boone Jenner.
18:30 of 1st period - Stopped by Thomas McCollum without a rebound.
18:31 of 1st period - Boone Jenner wins face-off versus Mark Scheifele in Influenza zone.
18:42 of 1st period - Boone Jenner is hit by Matt Corrente and loses puck.
19:01 of 1st period - Dylan Olsen is hit by Mark Olver and loses puck.
19:40 of 1st period - Snap shot by Beau Bennett.
19:40 of 1st period - Goal by Beau Bennett - Influenza : 1 - Harfangs : 2.
19:41 of 1st period - Cody Eakin wins face-off versus Mark Scheifele in neutral zone.
19:48 of 1st period - Wrist shot by Tomas Kubalik.
19:48 of 1st period - Shot Blocked by Paul Ladue.
Goals for this period are 1 for Influenza vs 2 for Harfangs.
Shots for this period are 12 for Influenza vs 14 for Harfangs.
2nd period
0:01 of 2nd period - Cody Eakin wins face-off versus Mark Scheifele in neutral zone.
0:42 of 2nd period - Minor Penalty to Calle Jarnkrok for Goalie Interference.
0:43 of 2nd period - Cody Eakin wins face-off versus Mark Scheifele in Harfangs zone.
1:14 of 2nd period - Slapshot by Matt Corrente.
1:14 of 2nd period - Shot Blocked by Vojtech Polak.
1:16 of 2nd period - Wrist shot by Beau Bennett.
1:16 of 2nd period - Shot Misses the Net.
1:18 of 2nd period - Slapshot by Jeff May.
1:18 of 2nd period - Shot Blocked by Cody Eakin.
1:53 of 2nd period - Icing by Oskars Bartulis.
1:54 of 2nd period - Brandon Saad wins face-off versus Mark Olver in Influenza zone.
2:42 of 2nd period - Penalty to Calle Jarnkrok is over, Calle Jarnkrok is back on ice.
2:50 of 2nd period - Snap shot by Jordan Schroeder.
2:50 of 2nd period - Shot Blocked by Victor Bartley.
2:56 of 2nd period - Snap shot by Jordan Schroeder.
2:56 of 2nd period - Shot Blocked by Victor Bartley.
3:40 of 2nd period - Tomas Kubalik is hit by Paul Ladue and loses puck.
3:54 of 2nd period - Off-side.
3:55 of 2nd period - Cristoval Nieves wins face-off versus Charlie Coyle in neutral zone.
3:58 of 2nd period - Snap shot by Joel Armia.
3:58 of 2nd period - Stopped by Thomas McCollum with a rebound.
4:28 of 2nd period - Off-side.
4:29 of 2nd period - Tomas Kubalik wins face-off versus Mark Olver in neutral zone.
4:36 of 2nd period - Wrist shot by Vojtech Polak.
4:36 of 2nd period - Stopped by Thomas McCollum with a rebound.
4:38 of 2nd period - Snap shot by Tomas Kubalik.
4:38 of 2nd period - Stopped by Thomas McCollum with a rebound.
4:40 of 2nd period - Slapshot by Nick Holden.
4:40 of 2nd period - Shot Blocked by Jeff May.
4:59 of 2nd period - Paul Ladue is hit by Andreas Martinsen and loses puck.
5:07 of 2nd period - Icing by Mark Scheifele.
5:08 of 2nd period - Mark Scheifele wins face-off versus Cody Eakin in Influenza zone.
5:41 of 2nd period - Snap shot by Jeremy Morin.
5:41 of 2nd period - Stopped by Andrew Hammond with a rebound.
5:43 of 2nd period - Snap shot by Charlie Coyle.
5:43 of 2nd period - Shot Misses the Net.
5:49 of 2nd period - Snap shot by Lane MacDermid.
5:49 of 2nd period - Stopped by Andrew Hammond without a rebound.
5:50 of 2nd period - Beau Bennett wins face-off versus Boone Jenner in Harfangs zone.
6:12 of 2nd period - Icing by Nick Holden.
6:13 of 2nd period - Johan Larsson wins face-off versus Boone Jenner in Harfangs zone.
6:29 of 2nd period - Slapshot by Dennis Everberg.
6:29 of 2nd period - Stopped by Thomas McCollum with a rebound.
6:31 of 2nd period - Snap shot by Dennis Everberg.
6:31 of 2nd period - Shot Hit the Post.
6:33 of 2nd period - Snap shot by Brandon Saad.
6:33 of 2nd period - Deflect By Boone Jenner.
6:33 of 2nd period - Stopped by Thomas McCollum with a rebound.
6:47 of 2nd period - Snap shot by Dennis Everberg.
6:47 of 2nd period - Shot Misses the Net.
6:49 of 2nd period - Slapshot by Brandon Saad.
6:49 of 2nd period - Stopped by Thomas McCollum without a rebound.
6:50 of 2nd period - Cody Eakin wins face-off versus Charlie Coyle in Influenza zone.
7:03 of 2nd period - Snap shot by Lane MacDermid.
7:03 of 2nd period - Stopped by Andrew Hammond without a rebound.
7:04 of 2nd period - Charlie Coyle wins face-off versus Cody Eakin in Harfangs zone.
7:29 of 2nd period - Calle Jarnkrok is hit by Mark Scheifele and loses puck.
7:52 of 2nd period - Wrist shot by Jeff May.
7:52 of 2nd period - Stopped by Andrew Hammond with a rebound.
7:54 of 2nd period - Slapshot by Jeff May.
7:54 of 2nd period - Deflect By Garnet Hathaway.
7:54 of 2nd period - Shot Misses the Net.
7:54 of 2nd period - Puck is out of play.
7:55 of 2nd period - Boone Jenner wins face-off versus Lane MacDermid in Harfangs zone.
7:55 of 2nd period - Nathan Beaulieu is hit by Beau Bennett and loses puck.
8:01 of 2nd period - Victor Bartley is hit by Jeff May and loses puck.
8:04 of 2nd period - Snap shot by Boone Jenner.
8:04 of 2nd period - Goal by Boone Jenner - Influenza : 1 - Harfangs : 3.
8:05 of 2nd period - Cody Eakin wins face-off versus Mark Scheifele in neutral zone.
8:12 of 2nd period - Wrist shot by Jimmy Vesey.
8:12 of 2nd period - Stopped by Andrew Hammond with a rebound.
8:42 of 2nd period - Snap shot by Lane MacDermid.
8:42 of 2nd period - Shot Blocked by Nathan Beaulieu.
8:53 of 2nd period - Off-side.
8:54 of 2nd period - Boone Jenner wins face-off versus Mark Olver in neutral zone.
9:05 of 2nd period - Wrist shot by Dennis Everberg.
9:05 of 2nd period - Stopped by Thomas McCollum with a rebound.
9:16 of 2nd period - Icing by Mark Olver.
9:17 of 2nd period - Tomas Kubalik wins face-off versus Mark Scheifele in Influenza zone.
9:48 of 2nd period - Slapshot by Calle Jarnkrok.
9:48 of 2nd period - Shot Blocked by Paul Ladue.
10:15 of 2nd period - Snap shot by Andreas Martinsen.
10:15 of 2nd period - Stopped by Thomas McCollum with a rebound.
10:17 of 2nd period - Snap shot by Andreas Martinsen.
10:17 of 2nd period - Stopped by Thomas McCollum without a rebound.
10:18 of 2nd period - Mark Scheifele wins face-off versus Cody Eakin in Influenza zone.
10:18 of 2nd period - Jeremy Morin is hit by Victor Bartley and loses puck.
10:28 of 2nd period - Minor Penalty to Vojtech Polak for Boarding.
10:29 of 2nd period - Mark Scheifele wins face-off versus Cody Eakin in Harfangs zone.
10:35 of 2nd period - Slapshot by Jeremy Morin.
10:35 of 2nd period - Goal by Jeremy Morin - Influenza : 2 - Harfangs : 3.
10:36 of 2nd period - Mark Scheifele wins face-off versus Cody Eakin in neutral zone.
10:46 of 2nd period - Snap shot by Mark Scheifele.
10:46 of 2nd period - Shot Misses the Net.
11:02 of 2nd period - Beau Bennett is hit by Nathan Beaulieu and loses puck.
11:27 of 2nd period - Victor Bartley is hit by Garnet Hathaway and loses puck.
11:51 of 2nd period - Slapshot by Dylan Olsen.
11:51 of 2nd period - Shot Misses the Net.
12:34 of 2nd period - Slapshot by Andreas Martinsen.
12:34 of 2nd period - Shot Misses the Net.
14:29 of 2nd period - Minor Penalty to Matt Corrente for High sticking.
14:30 of 2nd period - Mark Olver wins face-off versus Cody Eakin in Influenza zone.
14:39 of 2nd period - Oskars Bartulis is hit by Cody Eakin and loses puck.
14:44 of 2nd period - Wrist shot by Cody Eakin.
14:44 of 2nd period - Stopped by Thomas McCollum with a rebound.
14:46 of 2nd period - Snap shot by Vojtech Polak.
14:46 of 2nd period - Shot Blocked by Jeff May.
15:00 of 2nd period - Slapshot by Andreas Martinsen.
15:00 of 2nd period - Deflect By Lane MacDermid.
15:00 of 2nd period - Shot Misses the Net.
15:00 of 2nd period - Puck is out of play.
15:01 of 2nd period - Mark Olver wins face-off versus Cody Eakin in Influenza zone.
15:01 of 2nd period - Mark Olver is hit by Cody Eakin.
15:15 of 2nd period - Slapshot by Dylan Olsen.
15:15 of 2nd period - Deflect By Tomas Kubalik.
15:15 of 2nd period - Shot Misses the Net.
15:15 of 2nd period - Puck is out of play.
15:16 of 2nd period - Cody Eakin wins face-off versus Mark Scheifele in Influenza zone.
16:29 of 2nd period - Penalty to Matt Corrente is over, Matt Corrente is back on ice.
16:58 of 2nd period - Wrist shot by Beau Bennett.
16:58 of 2nd period - Shot Misses the Net.
17:00 of 2nd period - Slapshot by Paul Ladue.
17:00 of 2nd period - Deflect By Jujhar Khaira.
17:00 of 2nd period - Stopped by Andrew Hammond with a rebound.
17:02 of 2nd period - Slapshot by Paul Ladue.
17:02 of 2nd period - Stopped by Andrew Hammond with a rebound.
17:04 of 2nd period - Wrist shot by Paul Ladue.
17:04 of 2nd period - Stopped by Andrew Hammond with a rebound.
18:21 of 2nd period - Off-side.
18:22 of 2nd period - Mark Olver wins face-off versus Cody Eakin in neutral zone.
18:52 of 2nd period - Michal Repik is hit by Matt Corrente and loses puck.
19:29 of 2nd period - Snap shot by Joel Armia.
19:29 of 2nd period - Stopped by Thomas McCollum with a rebound.
19:31 of 2nd period - Snap shot by Reid McNeill.
19:31 of 2nd period - Shot Misses the Net.
19:33 of 2nd period - Slapshot by Jake Dotchin.
19:33 of 2nd period - Stopped by Thomas McCollum with a rebound.
19:59 of 2nd period - Wrist shot by Tomas Kubalik.
19:59 of 2nd period - Deflect By Cody Eakin.
19:59 of 2nd period - Stopped by Thomas McCollum without a rebound.
Goals for this period are 1 for Influenza vs 1 for Harfangs.
Shots for this period are 9 for Influenza vs 14 for Harfangs.
3rd period
0:01 of 3rd period - Mark Scheifele wins face-off versus Tomas Kubalik in neutral zone.
0:08 of 3rd period - Tomas Kubalik is hit by Mark Scheifele and loses puck.
0:29 of 3rd period - Wrist shot by Michal Repik.
0:29 of 3rd period - Stopped by Thomas McCollum without a rebound.
0:30 of 3rd period - Calle Jarnkrok wins face-off versus Charlie Coyle in Influenza zone.
0:39 of 3rd period - Andreas Martinsen is hit by Charlie Coyle and loses puck.
0:46 of 3rd period - Wrist shot by Beau Bennett.
0:46 of 3rd period - Stopped by Andrew Hammond without a rebound.
0:47 of 3rd period - Cody Eakin wins face-off versus Mark Scheifele in Harfangs zone.
1:09 of 3rd period - Icing by Paul Ladue.
1:10 of 3rd period - Mark Scheifele wins face-off versus Michal Repik in Influenza zone.
1:41 of 3rd period - Snap shot by Jeremy Morin.
1:41 of 3rd period - Shot Misses the Net.
1:43 of 3rd period - Backhand shot by Matt Corrente.
1:43 of 3rd period - Shot Misses the Net.
1:45 of 3rd period - Wrist shot by Jimmy Vesey.
1:45 of 3rd period - Shot Misses the Net.
2:01 of 3rd period - Slapshot by Dennis Everberg.
2:01 of 3rd period - Stopped by Thomas McCollum without a rebound.
2:02 of 3rd period - Mark Olver wins face-off versus Boone Jenner in Influenza zone.
2:02 of 3rd period - Mark Olver is hit by Victor Bartley.
2:05 of 3rd period - Minor Penalty to Garnet Hathaway for Tripping.
2:06 of 3rd period - Cody Eakin wins face-off versus Mark Olver in Influenza zone.
2:10 of 3rd period - Slapshot by Tomas Kubalik.
2:10 of 3rd period - Shot Misses the Net.
2:12 of 3rd period - Slapshot by Cody Eakin.
2:12 of 3rd period - Goal by Cody Eakin - Influenza : 2 - Harfangs : 4.
2:13 of 3rd period - Tomas Kubalik wins face-off versus Mark Scheifele in neutral zone.
2:28 of 3rd period - Wrist shot by Tomas Kubalik.
2:28 of 3rd period - Goal by Tomas Kubalik - Influenza : 2 - Harfangs : 5.
2:29 of 3rd period - Mark Scheifele wins face-off versus Cody Eakin in neutral zone.
2:55 of 3rd period - Charlie Coyle is hit by Calle Jarnkrok and loses puck.
3:54 of 3rd period - Slapshot by Garnet Hathaway.
3:54 of 3rd period - Stopped by Andrew Hammond with a rebound.
4:06 of 3rd period - Snap shot by Johan Larsson.
4:06 of 3rd period - Stopped by Andrew Hammond without a rebound.
4:07 of 3rd period - Mark Scheifele wins face-off versus Cody Eakin in Harfangs zone.
5:22 of 3rd period - Snap shot by Cody Eakin.
5:22 of 3rd period - Shot Misses the Net.
6:01 of 3rd period - Icing by Joe Morrow.
6:02 of 3rd period - Jordan Schroeder wins face-off versus Cody Eakin in Influenza zone.
6:09 of 3rd period - Snap shot by Iiro Pakarinen.
6:09 of 3rd period - Stopped by Andrew Hammond with a rebound.
6:11 of 3rd period - Slapshot by Joe Morrow.
6:11 of 3rd period - Stopped by Andrew Hammond with a rebound.
6:19 of 3rd period - Wrist shot by Iiro Pakarinen.
6:19 of 3rd period - Stopped by Andrew Hammond without a rebound.
6:20 of 3rd period - Calle Jarnkrok wins face-off versus Jeremy Morin in Harfangs zone.
6:20 of 3rd period - Calle Jarnkrok is hit by Jeremy Morin.
6:25 of 3rd period - Nathan Beaulieu is hit by Jimmy Vesey and loses puck.
6:28 of 3rd period - Minor Penalty to Mark Scheifele for Hooking.
6:29 of 3rd period - Vojtech Polak wins face-off versus Mark Olver in Influenza zone.
7:09 of 3rd period - Wrist shot by Iiro Pakarinen.
7:09 of 3rd period - Stopped by Andrew Hammond without a rebound.
7:10 of 3rd period - Mark Olver wins face-off versus Cody Eakin in Harfangs zone.
7:54 of 3rd period - Oskars Bartulis is hit by Andreas Martinsen and loses puck.
8:15 of 3rd period - Mark Olver is hit by Nick Holden and loses puck.
8:28 of 3rd period - Penalty to Mark Scheifele is over, Mark Scheifele is back on ice.
8:47 of 3rd period - Minor Penalty to Reid McNeill for Hooking.
8:48 of 3rd period - Mark Scheifele wins face-off versus Cody Eakin in Harfangs zone.
8:48 of 3rd period - Snap shot by Lane MacDermid.
8:48 of 3rd period - Stopped by Andrew Hammond without a rebound.
8:49 of 3rd period - Mark Scheifele wins face-off versus Cody Eakin in Harfangs zone.
8:50 of 3rd period - Wrist shot by Jeremy Morin.
8:50 of 3rd period - Deflect By Mark Scheifele.
8:50 of 3rd period - Shot Misses the Net.
8:50 of 3rd period - Puck is out of play.
8:51 of 3rd period - Mark Scheifele wins face-off versus Cody Eakin in Harfangs zone.
8:58 of 3rd period - Snap shot by Mark Scheifele.
8:58 of 3rd period - Shot Misses the Net.
9:00 of 3rd period - Slapshot by Mark Scheifele.
9:00 of 3rd period - Influenza goal is going for a video replay.
9:00 of 3rd period - The goal is good.
9:00 of 3rd period - Goal by Mark Scheifele - Influenza : 3 - Harfangs : 5.
9:01 of 3rd period - Cody Eakin wins face-off versus Mark Scheifele in neutral zone.
10:23 of 3rd period - Slapshot by Nathan Beaulieu.
10:23 of 3rd period - Shot Misses the Net.
10:43 of 3rd period - Slapshot by Jujhar Khaira.
10:43 of 3rd period - Stopped by Thomas McCollum with a rebound.
11:15 of 3rd period - Snap shot by Beau Bennett.
11:15 of 3rd period - Stopped by Andrew Hammond without a rebound.
11:16 of 3rd period - Mark Scheifele wins face-off versus Cody Eakin in Harfangs zone.
11:19 of 3rd period - Wrist shot by Jimmy Vesey.
11:19 of 3rd period - Shot Misses the Net.
11:22 of 3rd period - Icing by Tomas Kubalik.
11:23 of 3rd period - Jimmy Vesey wins face-off versus Cody Eakin in Harfangs zone.
11:25 of 3rd period - Minor Penalty to Paul Ladue for Hooking.
11:26 of 3rd period - Mark Olver wins face-off versus Cody Eakin in Influenza zone.
11:40 of 3rd period - Cody Eakin is hit by Mark Olver and loses puck.
12:18 of 3rd period - Joe Morrow is hit by Tomas Kubalik and loses puck.
13:25 of 3rd period - Penalty to Paul Ladue is over, Paul Ladue is back on ice.
14:19 of 3rd period - Michal Repik is hit by Garnet Hathaway and loses puck.
14:29 of 3rd period - Icing by Victor Bartley.
14:30 of 3rd period - Mark Scheifele wins face-off versus Boone Jenner in Harfangs zone.
14:45 of 3rd period - Icing by Boone Jenner.
14:46 of 3rd period - Boone Jenner wins face-off versus Charlie Coyle in Harfangs zone.
14:57 of 3rd period - Snap shot by Brandon Saad.
14:57 of 3rd period - Stopped by Thomas McCollum with a rebound.
14:59 of 3rd period - Backhand shot by Victor Bartley.
14:59 of 3rd period - Shot Blocked by Oskars Bartulis.
15:07 of 3rd period - Wrist shot by Boone Jenner.
15:07 of 3rd period - Stopped by Thomas McCollum with a rebound.
15:09 of 3rd period - Slapshot by Victor Bartley.
15:09 of 3rd period - Shot Misses the Net.
15:11 of 3rd period - Slapshot by Nathan Beaulieu.
15:11 of 3rd period - Shot Blocked by Oskars Bartulis.
15:15 of 3rd period - Wrist shot by Dennis Everberg.
15:15 of 3rd period - Stopped by Thomas McCollum with a rebound.
15:17 of 3rd period - Slapshot by Brandon Saad.
15:17 of 3rd period - Goal by Brandon Saad - Influenza : 3 - Harfangs : 6.
15:18 of 3rd period - Cody Eakin wins face-off versus Mark Scheifele in neutral zone.
15:28 of 3rd period - Penalty Shot by Vojtech Polak for Harfangs.
15:28 of 3rd period - Wrist shot by Vojtech Polak.
15:28 of 3rd period - Stopped by Thomas McCollum.
15:29 of 3rd period - Mark Scheifele wins face-off versus Cody Eakin in Harfangs zone.
15:40 of 3rd period - Slapshot by Victor Bartley.
15:40 of 3rd period - Deflect By Tomas Kubalik.
15:40 of 3rd period - Stopped by Thomas McCollum with a rebound.
15:46 of 3rd period - Tomas Kubalik is hit by Mark Scheifele and loses puck.
16:07 of 3rd period - Snap shot by Lane MacDermid.
16:07 of 3rd period - Stopped by Andrew Hammond with a rebound.
16:20 of 3rd period - Victor Bartley is hit by Dmitry Sinitsyn and loses puck.
16:27 of 3rd period - Brandon Saad is hit by Mark Olver and loses puck.
17:01 of 3rd period - Jordan Schroeder is hit by Tomas Kubalik and loses puck.
17:46 of 3rd period - Snap shot by Garnet Hathaway.
17:46 of 3rd period - Shot Blocked by Joel Armia.
17:48 of 3rd period - Snap shot by Mark Olver.
17:48 of 3rd period - Stopped by Andrew Hammond with a rebound.
17:50 of 3rd period - Snap shot by Garnet Hathaway.
17:50 of 3rd period - Shot Blocked by Joel Armia.
18:30 of 3rd period - Snap shot by Iiro Pakarinen.
18:30 of 3rd period - Stopped by Andrew Hammond with a rebound.
18:32 of 3rd period - Slapshot by Paul Ladue.
18:32 of 3rd period - Shot Blocked by Jake Dotchin.
18:46 of 3rd period - Backhand shot by Dennis Everberg.
18:46 of 3rd period - Stopped by Thomas McCollum without a rebound.
18:47 of 3rd period - Boone Jenner wins face-off versus Mark Olver in Influenza zone.
18:55 of 3rd period - Minor Penalty to Johan Larsson for Roughing.
18:56 of 3rd period - Mark Olver wins face-off versus Cody Eakin in Influenza zone.
19:31 of 3rd period - Off-side.
19:32 of 3rd period - Calle Jarnkrok wins face-off versus Mark Scheifele in neutral zone.
19:39 of 3rd period - Wrist shot by Michal Repik.
19:39 of 3rd period - Deflect By Andreas Martinsen.
19:39 of 3rd period - Shot Misses the Net.
19:39 of 3rd period - Puck is out of play.
19:40 of 3rd period - Michal Repik wins face-off versus Mark Scheifele in Influenza zone.
19:41 of 3rd period - Wrist shot by Calle Jarnkrok.
19:41 of 3rd period - Goal by Calle Jarnkrok - Influenza : 3 - Harfangs : 7.
19:42 of 3rd period - Mark Scheifele wins face-off versus Cody Eakin in neutral zone.
19:45 of 3rd period - Backhand shot by Matt Corrente.
19:45 of 3rd period - Stopped by Andrew Hammond with a rebound.
19:47 of 3rd period - Snap shot by Jimmy Vesey.
19:47 of 3rd period - Stopped by Andrew Hammond without a rebound.
19:48 of 3rd period - Mark Scheifele wins face-off versus Cody Eakin in Harfangs zone.
19:52 of 3rd period - Cody Eakin and Paul Ladue fight to a draw.
19:52 of 3rd period - Penalty to Cody Eakin for Fighting.
19:52 of 3rd period - Penalty to Paul Ladue for Fighting.
19:52 of 3rd period - Penalty to Paul Ladue for instigated a fight.
19:52 of 3rd period - Penalty to Paul Ladue for instigated a fight.
19:53 of 3rd period - Mark Olver wins face-off versus Dennis Everberg in Harfangs zone.
19:54 of 3rd period - Slapshot by Lane MacDermid.
19:54 of 3rd period - Shot Blocked by Victor Bartley.
Goals for this period are 1 for Influenza vs 4 for Harfangs.
Shots for this period are 15 for Influenza vs 12 for Harfangs.
Back to the Top